 Dungeon Crawl Stone Soup version 0.31-a0-431-g88bdf31460 (webtiles) character file.

Game seed: 6367531248469255231

95 LeprechaunX the Ruffian (level 4, 0/29 HPs)
             Began as an Octopode Shapeshifter on July 31, 2023.
             Slain by a rat (2 damage)
             ... on level 2 of the Dungeon.
             The game lasted 00:01:12 (947 turns).

LeprechaunX the Ruffian (Octopode Shapeshifter)      Turns: 947, Time: 00:01:13

Health: 0/29       AC:  1    Str: 16    XL:     4   Next: 65%
Magic:  4/4        EV: 13    Int: 10    God:
Gold:   54         SH:  0    Dex: 12    Spells: 3/3 levels left

rFire   . .          .
                       - Unarmed
rCold   . . .        (no shield)
rNeg    . . .        (helmet currently unavailable)
rPois   .            (no amulet)
rElec   .            e - ring of resist corrosion
rCorr   +            (no ring)
SInv    .            (no ring)
Will    .....        (no ring)
Stlth   ++           (no ring)
HPRegen 0.24/turn    (no ring)
MPRegen 0.09/turn    (no ring)
                     (no ring)

%: no passive effects
@: beast-form
A: beast (slay +2), almost no armour, amphibious, 8 rings, camouflage 1,
gelatinous body 1, (nimble swimmer 1), tentacles
a: Begin Untransformation


You were on level 2 of the Dungeon.
You were a hulking beast.
You visited 1 branch of the dungeon, and saw 2 of its levels.

You collected 54 gold pieces.

Inventory:

Jewellery
 e - a ring of resist corrosion (left tentacle)
 j - a +4 ring of protection
Talismans
 b - a beast talisman (active)
Scrolls
 d - a scroll of revelation {unknown}
 g - a scroll of acquirement {unknown}
 h - a scroll of enchant armour {unknown}
 i - a scroll of identify {unknown}
 k - a scroll of teleportation {unknown}
 l - a scroll of brand weapon {unknown}
Potions
 a - a potion of lignification
 c - a potion of enlightenment {unknown}
 f - 2 potions of curing {unknown}


   Skills:
 + Level 2.0 Fighting
 + Level 2.7 Dodging
 * Level 4.0 Unarmed Combat
 + Level 3.3 Shapeshifting


You had 3 spell levels left.
You didn't know any spells.
Your spell library contained the following spells:

 Spells                   Type           Power      Damage    Failure   Level
 Slow                     Hex            0%         N/A       36%         1
 Confusing Touch          Hex            0%         N/A       75%         3
 Vampiric Draining        Necr           0%         2d6       75%         3


Dungeon Overview and Level Annotations

Branches:
Dungeon (2/15)

Altars:


Innate Abilities, Weirdness & Mutations

You are a hulking beast.
Your limbs bulge with bestial killing power. (Slay +2)
You cannot wear most types of armour.
You are amphibious.
You can wear up to eight rings at the same time.
Your skin changes colour to match your surroundings (Stealth+).
Your rubbery body absorbs attacks. (AC +1, EV +1)
((You are camouflaged when in or above water. (Stealth+)))
You have tentacles for arms and can constrict up to eight enemies at once.


Message History

You barely miss the adder.
The adder is lightly wounded.
You constrict the adder.
You feel sick. The adder closely misses you. The adder bites you.
You are more poisoned.
The adder poisons you!
You tentacle-slap the adder.
The adder is heavily wounded.
You constrict the adder.
You feel sick. The adder bites you but does no damage.
You bludgeon the adder!
You kill the adder!
You feel sick. The bat barely misses you.
You closely miss the bat. You grab the bat. You squeeze the bat.
You kill the bat!
You feel sick.
You tentacle-slap the goblin.
You kill the goblin!
You feel sick. The gnoll barely misses you.
Your Unarmed Combat skill increases to level 4!
You feel sick. The gnoll attacks as you move away!
The gnoll hits you with a +0 whip.
You feel sick.
You feel sick.
You tentacle-slap the gnoll. Your grab misses the gnoll.
The gnoll is lightly wounded.
You feel sick.
You are no longer poisoned.
The gnoll hits you with a +0 whip!
* * * LOW HITPOINT WARNING * * *
You bludgeon the gnoll! You grab the gnoll. You squeeze the gnoll.
The gnoll is almost dead.
You constrict the gnoll.
You kill the gnoll!
Your Fighting skill increases to level 2!
The rat attacks as you move away! The rat bites you.
* * * LOW HITPOINT WARNING * * *
The rat attacks as you move away! The rat closely misses you.
There is a stone staircase leading down here.
The rat bites you.
You die...

.....#..###..# ######.### #...
....#.#......# ##.## #.##
...#..#... #.# #...# #<..
..#....#.. #.# #...# #.##
#$....#.###.### #...# #.#.
#?....#.......# #.†.# ##.#.
#...)#...#.#.######...#####....
...#..#...g..#.#.............#.#.
....#.#.†)..#.grh.....[........#.
.....#.......Sg#.............###.
...##..##......######...#####.#..
###...####..#### #...### #.##
..........# .......# ##.
#########.## #.#...#.######. #.#
#.#.........##.
#.########.#####.##.....
#........#.......##.)##.


You could see 3 gnolls, a ball python and a rat.

Vanquished Creatures
  5 adders (D:2)
  A gnoll (D:2)
  A worm (D:2)
  2 dart slugs
  A ball python (D:2)
  3 endoplasms
  3 goblins
  7 hobgoblins
  4 kobolds
  A quokka (D:1)
  2 bats (D:2)
  2 rats (D:2)
32 creatures vanquished.

Notes
Turn   | Place    | Note
-------+----------+-------------------------------------------
     0 | D:1      | LeprechaunX the Octopode Shapeshifter began the quest for
                  | the Orb.
     0 | D:1      | Reached XP level 1. HP: 13/13 MP: 1/1
   140 | D:1      | Reached XP level 2. HP: 11/18 MP: 2/2
   511 | D:2      | Reached XP level 3. HP: 12/23 MP: 3/3
   897 | D:2      | Reached XP level 4. HP: 25/29 MP: 4/4
   936 | D:2      | Reached skill level 4 in Unarmed Combat
   943 | D:2      | HP: 1/29 [rat (2)]
   947 | D:2      | Slain by a rat

Illustrated notes

Levels and vault maps discovered:
D:1:      wander_arrival_lonely_grave, layout_basic
D:2:      layout_loops_cross, minmay_circled_x

Skill      XL: |  1  2  3  4 |
---------------+-------------+-----
Unarmed Combat | 4 |  4.0
Fighting       | 2 |  2.0
Dodging        | |  2.7
Shapeshifting  | |  3.3

Action                     |  1- 3 |  4- 6 || total
---------------------------+-------+-------++-------
  Melee: Unarmed           |    51 |    20 ||    71
         Constrict         |    10 |     5 ||    15
         Tentacles         |     3 |     2 ||     5
         Punch             |     2 |       ||     2
   Stab: Sleeping          |     9 |       ||     9
 Armour: Skin              |     1 |     2 ||     3
  Dodge: Dodged            |    18 |    17 ||    35

Table legend: (Time is in decaauts)
 A = Elapsed time spent in this place.
 B = Non-inter-level travel time spent in this place.
 C = Inter-level travel time spent in this place.
 D = Time resting spent in this place.
 E = Time spent auto-exploring this place.
 F = Levels seen in this place.
 G = Mean time per level.
                   A        B        C        D        E       F      G
               +--------+--------+--------+--------+--------+-----+--------+
         Total |    942 |    924 |     18 |      0 |    722 |   2 |  471.0 |
       Dungeon |    942 |    924 |     18 |      0 |    722 |   2 |  471.0 |
               +--------+--------+--------+--------+--------+-----+--------+

Top non-repeatable levels by time:
     D:1: 493 daAuts
     D:2: 448 daAuts
